 Dungeon Crawl Stone Soup version 0.30.2 (webtiles) character file.

Game seed: 9592384575741647397

4953 porpoise the Spear-Bearer (level 10, 76/91 HPs)
             Began as a Hill Orc Fighter on Mar 22, 2024.
             Was an Initiate of Yredelemnul.
             Quit the game on level 8 of the Dungeon.
             The game lasted 00:25:33 (8390 turns).

porpoise the Spear-Bearer (Hill Orc Fighter)        Turns: 8390, Time: 00:25:33

Health: 76/91      AC: 14    Str: 24    XL:     10   Next: 53%
Magic:  10/10      EV: 11    Int:  8    God:    Yredelemnul [......]
Gold:   866        SH:  5    Dex: 16    Spells: 9/9 levels left

rFire   . . .        a - +0 trident (drain)
rCold   . . .        c - +0 buckler
rNeg    . . .        t - +3 scale mail
rPois   .            h - +0 helmet
rElec   .            (no cloak)
rCorr   .            F - +0 pair of gloves
SInv    .            D - +0 pair of boots
Will    .....        (no amulet) Stlth
                     e - +6 ring of dexterity
HPRegen 0.35/turn    (no ring)
MPRegen 0.12/turn

%: no passive effects
@: no status effects
A: no striking features
a: Renounce Religion, Recall Undead Harvest


You were on level 8 of the Dungeon.
You worshipped Yredelemnul.
Yredelemnul was noncommittal.
You visited 2 branches of the dungeon, and saw 9 of its levels.
You also visited: Ossuary and Bailey.

You collected 1056 gold pieces.
You spent 190 gold pieces at shops.

Inventory:

Hand Weapons
 a - a +0 trident of draining (weapon)
 b - a +0 sling
Missiles
 f - 4 boomerangs of dispersal
 o - 9 boomerangs
 r - 5 poisoned darts (quivered)
Armour
 c - a +0 buckler (worn)
 g - a scarf of invisibility
 h - a +0 helmet (worn)
 t - a +3 scale mail (worn)
 x - +0 steam dragon scales
 D - a +0 pair of boots (worn)
 F - a +0 pair of gloves (worn)
Jewellery
 e - a +6 ring of dexterity (left hand)
Wands
 p - a wand of roots (4)
 z - a wand of mindburst (14)
Scrolls
 k - 3 scrolls of noise
 l - a scroll of vulnerability
 m - a scroll of poison {unknown}
 v - a scroll of blinking
 y - a scroll of magic mapping
 B - a scroll of identify
 C - 2 scrolls of fear
 E - 6 scrolls of teleportation
Potions
 d - a potion of might
 i - a potion of flight
 j - 3 potions of haste
 n - 4 potions of brilliance
 q - 3 potions of mutation
 s - a potion of ambrosia {unknown}
 u - 2 potions of magic {unknown}
 w - a potion of berserk rage {unknown}
 A - 4 potions of curing
 H - 2 potions of attraction
 I - 2 potions of heal wounds
 K - 3 potions of cancellation


   Skills:
 - Level 9.0 Fighting
 * Level 12.3 Polearms
 - Level 7.0 Armour
 + Level 3.2 Dodging
 - Level 5.0 Shields


You had 9 spell levels left.
You didn't know any spells.
Your spell library contained the following spells:

 Spells                   Type           Power      Damage    Failure   Level
 Beastly Appendage        Tmut           0%         N/A       75%         1
 Wereblood                Tmut           0%         N/A       87%         2
 Ozocubu's Armour         Ice            0%         N/A       98%         3
 Spider Form              Tmut/Pois      0%         N/A       98%         3
 Metabolic Englaciation   Hex/Ice        0%         N/A       100%        5
 Simulacrum               Ice/Necr       Unusable   N/A       N/A         6

Dungeon Overview and Level Annotations

Branches:
Dungeon (8/15)             Temple (1/1) D:4         Ossuary (visited)
 Bailey (visited)
   Lair: D:8-11

Altars:
Ashenzari
Cheibriados
Gozag
Hepliaklqana
Kikubaaqudgha
Nemelex Xobeh
Qazlal
Ru
Uskayaw
Vehumet
Wu Jian
Xom
Yredelemnul
Zin
The Shining One

Shops:
D:1 [   D:4 *

Annotations:
D:5 1 runed translucent door, occam's ghost, novice MfMo


Message History

The orc priest hits you but does no damage.
You closely miss the orc priest.
The orc priest shouts, "Surrender to Beogh and we'll let you live!"
The orc priest is severely wounded.
The orc wizard hits you but does no damage.
You block the orc's attack. The orc priest closely misses you.
You closely miss the orc priest.
The orc priest is severely wounded.
The orc wizard hits you but does no damage.
You block the orc's attack. You block the orc priest's attack.
You puncture the orc priest!
You kill the orc priest!
The orc wizard casts a spell at you.
You easily resist.
You block the orc's attack.
You see here a +0 short sword.
You puncture the orc wizard!
The orc wizard is almost dead.
The orc wizard closely misses you. The orc closely misses you.
You puncture the orc wizard!
You kill the orc wizard!
The orc hits you but does no damage.
You hit the orc.
The orc is severely wounded.
You closely miss the orc.
The orc is severely wounded.
The orc hits you with a +0 short sword.
You puncture the orc!
You kill the orc!
Things that are here:
a +0 short sword; an orc corpse
y - a scroll of magic mapping
There is a glowing silver altar of Zin here.
B - a scroll of identify
There is a basalt altar of Yredelemnul here.
You kneel at the altar of Yredelemnul.
Yredelemnul welcomes you!
You can now reap souls.
You can now recall your undead harvest.
Unknown command.
Press < or > to pray at altars.
Are you sure you want to abandon this character and quit the game? (Confirm with "yes".)

...# ##...############
#..#.....##.....## #.
#.#..............##
..#..##.................#
..#..#..................#
........................#
..........))..._........#
..........)..._8@.......#
..)....)......._........#
.......................##
...........[...#......##
............#.#########
....).......#.#
...)∩).....##[#
....).....###.#
##.....#### #.#


There were no monsters in sight!

Vanquished Creatures
  Prince Ribbit (Bailey)
  7 humans (Bailey)
  2 steam dragons
  Menkaure (D:4)
  A water moccasin (D:7)
  Duvessa (D:7)
  2 black bears
  An orc warrior (Bailey)
  An ice beast (D:5)
  An ogre (D:5)
  3 centaurs
  3 phantoms (D:6)
  2 elf zombies (Ossuary)
  9 bullfrogs
  Dowan (D:7)
  2 scorpions
  5 wights (D:6)
  2 jellies (D:7)
  2 howler monkeys
  A human zombie (Ossuary)
  2 orc priests
  2 gnoll boudas
  4 hounds
  2 sleepcaps
  Jessica (D:2)
  5 iguanas
  7 orc wizards
  5 mummies
  8 gnolls
  8 adders
  A shadow imp (D:5)
  A white imp (D:6)
  3 ufetubi
  2 adder zombies (Ossuary)
  3 worms
  6 dart slugs
  30 orcs
  3 ball pythons
  3 bats
  7 endoplasms
  5 giant cockroaches
  5 goblins
  9 hobgoblins
  6 kobolds
  8 quokkas
  8 frilled lizards
  A gnoll zombie (Ossuary)
  A goblin zombie (Ossuary)
  2 hobgoblin zombies (Ossuary)
  2 jackal zombies (Ossuary)
  4 rats
  A rat zombie (Ossuary)
203 creatures vanquished.

Vanquished Creatures (others)
  A white imp (D:6)
  A ball python (D:4)
2 creatures vanquished.

Grand Total: 205 creatures vanquished

Notes
Turn   | Place    | Note
-------+----------+-------------------------------------------
     0 | D:1      | porpoise the Hill Orc Fighter began the quest for the Orb.
     0 | D:1      | Reached XP level 1. HP: 19/19 MP: 1/1
   159 | D:1      | Reached XP level 2. HP: 27/27 MP: 2/2
   308 | D:1      | Found Mumokut's Antique Armour Boutique.
   390 | D:1      | Reached skill level 3 in Polearms
   424 | D:1      | Reached XP level 3. HP: 31/33 MP: 3/3
   438 | D:1      | Found a faded altar of an unknown god.
  1453 | D:2      | Reached XP level 4. HP: 40/40 MP: 4/4
  1478 | D:2      | Noticed Jessica
  1490 | D:2      | Killed Jessica
  1574 | D:2      | Reached skill level 4 in Polearms
  2237 | D:1      | Bought a shiny scale mail for 168 gold pieces
  2300 | D:3      | Reached XP level 5. HP: 47/47 MP: 5/5
  3171 | D:4      | Reached skill level 5 in Fighting
  3171 | D:4      | Reached skill level 5 in Polearms
  3171 | D:4      | Reached XP level 6. HP: 18/56 MP: 6/6
  3337 | D:4      | Found a staircase to the Ecumenical Temple.
  3346 | Temple   | Entered the Ecumenical Temple
  3415 | D:4      | Found Fureucweh's Assorted Antiques.
  3424 | D:4      | Bought a scroll labelled KOGEMO JUOTT for 22 gold pieces
  3513 | D:4      | Noticed Menkaure
  3529 | D:4      | Killed Menkaure
  3760 | D:4      | Reached skill level 5 in Shields
  3760 | D:4      | Reached XP level 7. HP: 61/61 MP: 7/7
  3973 | D:4      | Found a broken altar of Ashenzari.
  4078 | D:4      | Found a radiant altar of Vehumet.
  4078 | D:4      | Found a hazy altar of Hepliaklqana.
  4204 | D:5      | Entered Level 5 of the Dungeon
  4237 | D:5      | Reached skill level 6 in Polearms
  4632 | D:5      | Found a runed translucent door.
  4639 | D:5      | Noticed occam's ghost (novice MfMo)
  4764 | D:5      | Reached skill level 7 in Polearms
  4943 | D:6      | Reached XP level 8. HP: 71/71 MP: 8/8
  5378 | D:6      | Reached skill level 8 in Polearms
  5378 | D:6      | Reached skill level 5 in Armour
  5620 | D:6      | Reached skill level 9 in Polearms
  5620 | D:6      | Reached XP level 9. HP: 61/79 MP: 9/9
  6279 | D:7      | Noticed Duvessa
  6279 | D:7      | Noticed Dowan
  6333 | D:7      | Acquired 655 gold pieces
  6440 | D:7      | Found a sand-covered staircase.
  6470 | Ossuary  | Entered an ossuary
  6830 | D:7      | Reached skill level 10 in Polearms
  7179 | D:7      | Killed Duvessa
  7184 | D:7      | Killed Dowan
  7958 | D:8      | Reached skill level 1 in Dodging
  8030 | D:8      | Found a flagged portal.
  8041 | Bailey   | Entered a bailey
  8057 | Bailey   | Reached skill level 11 in Polearms
  8057 | Bailey   | Reached XP level 10. HP: 88/91 MP: 10/10
  8229 | Bailey   | Reached skill level 12 in Polearms
  8297 | Bailey   | Noticed Prince Ribbit
  8322 | Bailey   | Killed Prince Ribbit
  8328 | Bailey   | Noticed a vault guard
  8347 | D:8      | Found a glowing golden altar of the Shining One.
  8348 | D:8      | Found a glowing silver altar of Zin.
  8348 | D:8      | Found a shimmering altar of Xom.
  8349 | D:8      | Found a basalt altar of Yredelemnul.
  8389 | D:8      | Became a worshipper of Yredelemnul the Dark
  8390 | D:8      | Quit the game

Illustrated notes

Levels and vault maps discovered:
D:1:      dpeg_arrival_lava_temple_mockup, layout_basic, serial_shops,
          shop_coins, basic_ecumenical_altar, chequers_serial_rivers_micro_e,
          kennysheep_flooded_box, nicolae_concentric_dashed_squares_mild,
          moated_statue, minmay_worlds_worst_comb
D:2:      cheibrodos_helix_gallery, layout_basic, nrook_loot_triangle,
          uniq_jessica
D:3:      layout_basic, minmay_misc_feat_diagonals
D:4:      layout_basic, overflow_temple_1_default,
          gammafunk_temple_overflow_wave, lemuel_temple_firewalk_a,
          serial_shops, nicolae_shop_just_a_little_nook, uniq_menkaure
D:5:      layout_basic, ebering_ghost_reflecting_pool
D:6:      minmay_spotlight, layout_basic
D:7:      layout_basic, gup_ossuary_entry_pyramid, uniq_duvessa
D:8:      layout_rooms, mainiacjoe_overflow_brackets,
          chequers_temple_overflow_statue_of_worship, enter_bailey_2
Temple:   hellmonk_temple_two_chambers

Skill      XL: |  1  2  3  4  5  6  7  8  9 10 |
---------------+-------------------------------+-----
Polearms       | 3 4 5 7 9 11 12 | 12.3
Fighting       | 4 5 6 7 9 |  9.0
Shields        | 4 5 |  5.0
Armour         | 4 5 7 |  7.0
Dodging        | 1 3 |  3.2

Action                     |  1- 3 |  4- 6 |  7- 9 | 10-12 || total
---------------------------+-------+-------+-------+-------++-------
  Melee: Trident           |   123 |   220 |   472 |   127 ||   942
   Fire: Sling             |     7 |       |     6 |       ||    13
  Throw: Dart              |       |       |     5 |       ||     5
  Evoke: Wand              |       |       |     2 |     2 ||     4
    Use: Scroll            |     2 |     4 |    14 |       ||    20
         Potion            |       |     1 |     5 |       ||     6
 Armour: Scale mail        |    36 |    78 |   264 |    23 ||   401
  Dodge: Dodged            |    38 |    60 |   189 |    35 ||   322
  Block: Buckler           |    24 |    44 |   120 |    24 ||   212
